[Event "Titled Tuesday Blitz April 05 Early 2022"]
[White "Simonovic, Miroslav"]
[Black "Ardila, Oscar Humberto"]
[WhiteFideId "919152"]
[BlackFideId "4404742"]
[WhiteElo "2043"]
[BlackElo "1983"]
[Result "0-1"]
[Round "07"]
[TimeControl "180+1"]
[Date "2022.04.05"]
[WhiteClock "0:00:01"]
[BlackClock "0:00:26"]

1. d4 Nf6 2. Bg5 e6 3. e4 Be7 4. Bxf6 Bxf6 5. e5 Be7 6. Qg4 g6 7. Bd3 d6 8. Nf3 dxe5 9. dxe5 Nc6 10. a3 b6 11. Nbd2 Bb7 12. O-O-O O-O 13. h4 h5 14. Qg3 Kg7 15. Ne4 Nd4 16. Nxd4 Qxd4 17. Rhe1 Qa4 18. Nf6 Bxf6 19. exf6+ Kxf6 20. Qe5+ Ke7 21. Qxc7+ Kf6 22. Qxb7 Qxh4 23. Qf3+ Kg7 24. Rh1 Qg5+ 25. Kb1 Rac8 26. Rdg1 a5 27. g4 h4 28. Rh3 Rh8 29. Rgh1 Rcd8 30. Qe2 Rd4 31. f3 Rf4 32. Be4 Qf6 33. Qb5 g5 34. Qxb6 Rd8 35. Qxa5 Rb8 36. b3 Qe7 37. Kb2 e5 38. Qc3 Rf6 39. b4 Ra6 40. Rxh4 gxh4 41. Qe1 Rh8 42. Qe3 Qa7 0-1


[Site "https://www.chess.com"]

[Event "Titled Tuesday Blitz April 05 Early 2022"]
[White "Sliwicka, Alicja"]
[Black "Tarigan, Gilbert Elroy"]
[WhiteFideId "1150677"]
[BlackFideId "7108133"]
[WhiteElo "2471"]
[BlackElo "2695"]
[Result "0-1"]
[Round "07"]
[TimeControl "180+1"]
[Date "2022.04.05"]
[WhiteClock "0:00:13"]
[BlackClock "0:00:34"]

1. e4 e5 2. Nf3 Nc6 3. Nc3 Nf6 4. a3 g6 5. Bc4 Bg7 6. O-O O-O 7. d3 d6 8. Be3 Be6 9. Qd2 Bxc4 10. dxc4 Nd7 11. Nd5 Nb6 12. b3 f5 13. Bg5 Qd7 14. exf5 Rxf5 15. Qe3 Raf8 16. Nd2 Nxd5 17. cxd5 Nd4 18. Rac1 h6 19. Bh4 Qb5 20. Rfe1 Qxd5 21. c3 Ne6 22. Ne4 Qxb3 23. Qxa7 d5 24. Rb1 Qa2 25. Nc5 Rxf2 26. Bxf2 Rxf2 27. Nxe6 Rxg2+ 28. Kf1 Rxh2 29. Qg1 Qc4+ 0-1


[Site "https://www.chess.com"]

[Event "Titled Tuesday Blitz April 05 Early 2022"]
[White "Sovetbekova, Nurai"]
[Black "Pourkashiyan, Atousa"]
[WhiteFideId "13801910"]
[BlackFideId "12502014"]
[WhiteElo "1538"]
[BlackElo "2247"]
[Result "1-0"]
[Round "07"]
[TimeControl "180+1"]
[Date "2022.04.05"]
[WhiteClock "0:00:03"]
[BlackClock "0:00:38"]

1. d4 Nf6 2. c4 g6 3. g3 Bg7 4. Bg2 c6 5. Nf3 d5 6. O-O O-O 7. b3 Bf5 8. Nc3 Nbd7 9. Bf4 Nh5 10. Be3 Nb6 11. cxd5 cxd5 12. Rc1 Rc8 13. Qd2 Nf6 14. Bh6 Ne4 15. Nxe4 dxe4 16. Rxc8 Nxc8 17. Nh4 Bxd4 18. Nxf5 gxf5 19. Qg5+ Kh8 20. Bxf8 Qxf8 21. Qxf5 Nd6 22. Qd5 Qg7 23. Bxe4 Bb6 24. Rd1 Qb2 25. Bf3 Qf6 26. Qd3 Qb2 27. Rd2 Qa1+ 28. Kg2 Qe5 29. Rc2 Kg7 30. Qd5 Qf6 31. Qd3 h6 32. Rd2 Qe5 33. Qc2 h5 34. Rd5 Qa1 35. Rxh5 Qe1 36. Qh7+ Kf6 37. Qh6# 1-0


[Site "https://www.chess.com"]

[Event "Titled Tuesday Blitz April 05 Early 2022"]
[White "Stanisz, Patryk"]
[Black "Hartikainen, Jarmo"]
[WhiteFideId "1123106"]
[BlackFideId "503134"]
[WhiteElo "1833"]
[BlackElo "2093"]
[Result "1-0"]
[Round "07"]
[TimeControl "180+1"]
[Date "2022.04.05"]
[WhiteClock "0:00:34"]
[BlackClock "0:00:01"]

1. Nf3 Nf6 2. d4 g6 3. g3 Bg7 4. Bg2 O-O 5. O-O d5 6. b3 b6 7. Bb2 Bb7 8. Nbd2 Nbd7 9. a4 c5 10. e3 a6 11. Ne5 Nxe5 12. dxe5 Ne8 13. f4 Nc7 14. c4 e6 15. Qe2 Rb8 16. Rad1 Qe7 17. e4 d4 18. f5 Bxe5 19. Nf3 exf5 20. exf5 Bf6 21. Qd3 Be4 22. Qd2 Bxf5 23. Rde1 Ne6 24. Ne5 Qd6 25. Nc6 Rbc8 26. g4 Bg5 27. Qd1 Rxc6 28. gxf5 Nf4 29. Qg4 Bh6 30. Bxc6 Qxc6 31. Bc1 Nd3 32. Bxh6 Nxe1 33. Bxf8 Nf3+ 34. Qxf3 Qxf3 35. Rxf3 Kxf8 36. fxg6 1-0


[Site "https://www.chess.com"]

[Event "Titled Tuesday Blitz April 05 Early 2022"]
[White "Tan, Jun Ying"]
[Black "Muradov, Soltan"]
[WhiteFideId "5710413"]
[BlackFideId "14002108"]
[WhiteElo "1827"]
[BlackElo "1854"]
[Result "1-0"]
[Round "07"]
[TimeControl "180+1"]
[Date "2022.04.05"]
[WhiteClock "0:02:12"]
[BlackClock "0:01:29"]

1. Nf3 Nf6 2. b3 e6 3. Bb2 b5 4. g3 Bb7 5. Bg2 c5 6. O-O Be7 7. c4 a6 8. d4 cxd4 9. Nxd4 Bxg2 10. Kxg2 bxc4 11. bxc4 Qc8 12. Qb3 Nc6 13. Nd2 Rb8 14. Qc2 Qb7 15. Nxc6 Qxb2 16. Rab1 Qxb1 17. Rxb1 Rxb1 18. Qxb1 dxc6 19. Qb7 Bd8 20. Qxc6+ Ke7 21. Nb3 1-0


[Site "https://www.chess.com"]

[Event "Titled Tuesday Blitz April 05 Early 2022"]
[White "Tasev, Dejan"]
[Black "Pires, Marcos Vinicius Torsani"]
[WhiteFideId "936618"]
[BlackFideId "2118939"]
[WhiteElo "2253"]
[BlackElo "2273"]
[Result "0-1"]
[Round "07"]
[TimeControl "180+1"]
[Date "2022.04.05"]
[WhiteClock "0:00:38"]
[BlackClock "0:00:46"]

1. e4 c5 2. Nf3 g6 3. Nc3 Nc6 4. d4 cxd4 5. Nxd4 Bg7 6. Be3 Nf6 7. Bc4 O-O 8. Bb3 d5 9. exd5 Na5 10. Nde2 Nxb3 11. axb3 b5 12. b4 a5 13. O-O Bb7 14. bxa5 b4 15. Bb6 Qd7 16. Na4 Nxd5 17. Nc5 Qc6 18. Nxb7 Qxb7 19. Bd4 e5 20. Be3 Nxe3 21. fxe3 Rfd8 22. Qe1 Qb5 23. Qf2 f5 24. a6 Rd2 25. Rfe1 Rxa6 26. Rxa6 Qxa6 27. Qf3 e4 28. Qf1 Rxc2 29. Nf4 Qxf1+ 30. Kxf1 Bxb2 31. Rd1 Bc1 32. Rd8+ Kf7 33. Rd7+ Kf6 34. Rxh7 b3 35. Rb7 b2 36. h4 Ke5 37. Nxg6+ Kd6 38. Ne7 f4 39. Nf5+ Ke5 40. Rb5+ Kf6 41. exf4 Bxf4 42. Nd4 Rc1+ 43. Ke2 b1=Q 0-1


[Site "https://www.chess.com"]

[Event "Titled Tuesday Blitz April 05 Early 2022"]
[White "Terletsky, Oleg"]
[Black "Onslow, Alfie"]
[WhiteFideId "14116774"]
[BlackFideId "436976"]
[WhiteElo "2064"]
[BlackElo "1884"]
[Result "1-0"]
[Round "07"]
[TimeControl "180+1"]
[Date "2022.04.05"]
[WhiteClock "0:00:15"]
[BlackClock "0:00:02"]

1. e4 c5 2. Nf3 Nc6 3. d4 cxd4 4. Nxd4 e5 5. Nb5 d6 6. N1c3 a6 7. Na3 b5 8. Nd5 Nge7 9. c4 Nd4 10. cxb5 Nxd5 11. exd5 Bd7 12. Bd3 axb5 13. O-O b4 14. Nc4 Be7 15. Be3 O-O 16. Bxd4 exd4 17. Re1 Bb5 18. Qb3 Rb8 19. Re4 Bf6 20. Rae1 g6 21. g3 h5 22. h4 Kg7 23. Nd2 Bxd3 24. Qxd3 Qa5 25. Qb3 Rfc8 26. Rf4 Be5 27. Rfe4 Qc5 28. Nf3 Bf6 29. Ng5 Qc2 30. Qf3 d3 31. Re7 Rf8 32. Ne6+ Kh7 33. Qxf6 1-0


[Site "https://www.chess.com"]

[Event "Titled Tuesday Blitz April 05 Early 2022"]
[White "Todorovic, Bojan"]
[Black "Bashirli, Saadat"]
[WhiteFideId "917087"]
[BlackFideId "13429990"]
[WhiteElo "2266"]
[BlackElo "1173"]
[Result "0-1"]
[Round "07"]
[TimeControl "180+1"]
[Date "2022.04.05"]
[WhiteClock "0:00:02"]
[BlackClock "0:00:53"]

1. d4 d5 2. Bf4 c5 3. dxc5 e6 4. e4 Bxc5 5. exd5 exd5 6. Nc3 Nf6 7. Bxb8 Rxb8 8. Bb5+ Bd7 9. Qe2+ Qe7 10. Bxd7+ Kxd7 11. O-O-O Qxe2 12. Ngxe2 Bxf2 13. Nxd5 Nxd5 14. Rxd5+ Kc6 15. Rhd1 Be3+ 16. Kb1 Bc5 17. Rd7 Rhf8 18. Nc3 Rbe8 19. a3 Re6 20. b4 Bd6 21. R7xd6+ Rxd6 22. b5+ Kc7 23. Nd5+ Kd7 24. c4 Rc8 25. Rd4 f6 26. Kb2 b6 27. Kb3 Re8 28. Rd2 Re5 29. Kb4 Re1 30. a4 Rb1+ 31. Kc3 Ra1 32. Re2 Re6 33. Rd2 Kc8 34. Kb4 Rb1+ 35. Kc3 Rbe1 36. Kb4 R1e2 37. Rd1 Rxg2 38. a5 bxa5+ 39. Kxa5 Rxh2 40. c5 Ra2+ 41. Kb4 h5 42. c6 h4 43. Kc5 Rc2+ 44. Kb4 h3 45. Rh1 h2 0-1


[Site "https://www.chess.com"]

[Event "Titled Tuesday Blitz April 05 Early 2022"]
[White "Tomb, Maroun"]
[Black "Zaksaite, Salomeja"]
[WhiteFideId "5300398"]
[BlackFideId "12801496"]
[WhiteElo "2523"]
[BlackElo "1953"]
[Result "1-0"]
[Round "07"]
[TimeControl "180+1"]
[Date "2022.04.05"]
[WhiteClock "0:01:36"]
[BlackClock "0:00:52"]

1. e4 c5 2. Ne2 e6 3. d4 cxd4 4. Nxd4 Nf6 5. Nc3 Nc6 6. Nxc6 bxc6 7. Bd3 d5 8. O-O Be7 9. Re1 O-O 10. e5 Nd7 11. Na4 Qc7 12. Qh5 g6 13. Qe2 f6 14. Bh6 Re8 15. exf6 Bxf6 16. c4 e5 17. cxd5 cxd5 18. Rac1 Qd6 19. Red1 Rb8 20. b3 Bb7 21. Qg4 Rbc8 22. Rxc8 Bxc8 23. Qg3 Nf8 24. h4 Kh8 25. h5 Bf5 26. hxg6 Bxg6 27. Bxf8 Rxf8 28. Bxg6 Rg8 29. Qf3 e4 30. Bxe4 dxe4 31. Rxd6 exf3 32. Rxf6 1-0


[Site "https://www.chess.com"]

[Event "Titled Tuesday Blitz April 05 Early 2022"]
[White "Tregubov, Pavel V."]
[Black "Koridze, Lile"]
[WhiteFideId "4115341"]
[BlackFideId "13612514"]
[WhiteElo "2341"]
[BlackElo "2050"]
[Result "1-0"]
[Round "07"]
[TimeControl "180+1"]
[Date "2022.04.05"]
[WhiteClock "0:01:15"]
[BlackClock "0:02:02"]

1. e4 c5 2. Nf3 d6 3. Bb5+ Nd7 4. Ba4 a6 5. c3 b5 6. Bc2 Bb7 7. d4 cxd4 8. cxd4 Ngf6 9. Nbd2 e5 10. O-O Be7 11. d5 O-O 12. a4 Nc5 13. Re1 b4 14. Nb3 Nxb3 15. Bxb3 a5 16. Bc4 Nd7 17. Qe2 Nc5 18. Nd2 Qd7 19. Bb5 Qc8 20. Nc4 f5 21. Nb6 Qb8 22. Nxa8 Qxa8 23. f3 Bh4 24. Rf1 fxe4 25. fxe4 Qd8 26. Bd2 Bf6 27. Qc4 Qe7 28. Be3 Rc8 29. Rac1 Bg5 30. Bxg5 Qxg5 31. Qe2 Qh4 32. Rce1 Nb3 33. Bd7 Rd8 34. Qg4 Qe7 35. Qe6+ Qxe6 36. dxe6 Nc5 37. e7 1-0


[Site "https://www.chess.com"]

[Event "Titled Tuesday Blitz April 05 Early 2022"]
[White "Urbina Quiroz, Edwin"]
[Black "Shohat, Yotam"]
[WhiteFideId "6500650"]
[BlackFideId "2813955"]
[WhiteElo "2152"]
[BlackElo "2119"]
[Result "0-1"]
[Round "07"]
[TimeControl "180+1"]
[Date "2022.04.05"]
[WhiteClock "0:00:31"]
[BlackClock "0:00:41"]

1. e4 c5 2. Nf3 Nc6 3. d4 cxd4 4. Nxd4 g6 5. Nc3 Bg7 6. Be3 Nf6 7. Bc4 O-O 8. Bb3 d6 9. f3 Bd7 10. h4 h5 11. Qd2 Ne5 12. O-O-O Rc8 13. Rdg1 Qa5 14. g4 Rxc3 15. bxc3 Qa3+ 16. Kb1 Nxf3 17. Nxf3 Nxe4 18. Bd4 Nxd2+ 19. Nxd2 Bxg4 20. Nc4 Qa6 21. Rg3 Qc6 22. Rhg1 e5 23. Be3 b5 24. Nd2 a5 25. a3 a4 26. Ba2 Qxc3 27. Ne4 Qc6 28. Ng5 d5 0-1


[Site "https://www.chess.com"]

[Event "Titled Tuesday Blitz April 05 Early 2022"]
[White "Van den Dikkenberg, Erik"]
[Black "Demin, Vladimir"]
[WhiteFideId "1005880"]
[BlackFideId "4167457"]
[WhiteElo "2118"]
[BlackElo "2433"]
[Result "1-0"]
[Round "07"]
[TimeControl "180+1"]
[Date "2022.04.05"]
[WhiteClock "0:00:21"]
[BlackClock "0:00:02"]

1. e4 c5 2. Nc3 Nc6 3. f4 d6 4. Nf3 g6 5. Bb5 a6 6. O-O axb5 7. d3 b4 8. Nd5 e6 9. Ne3 f5 10. exf5 exf5 11. Nd5 Be6 12. Re1 Kd7 13. c4 Bxd5 14. cxd5 Nce7 15. Qe2 Nxd5 16. Qe6+ Kc6 17. Ne5+ Kc7 18. Nf7 Qf6 19. Qxd5 Ne7 20. Qc4 b5 21. Qe6 Qxe6 22. Rxe6 Rg8 23. Bd2 Nc6 24. Rae1 Bg7 25. Nxd6 Bxb2 26. Nxb5+ Kb6 27. Nd6 Rxa2 28. Nc4+ Kb5 29. Rb1 Bd4+ 30. Kh1 Rd8 31. h3 Rc2 32. Be1 Na5 33. Na3+ Ka4 34. Nxc2 Nb3 35. Nxd4 Nxd4 36. Re7 Ka3 37. Rxh7 Ka2 38. Rd1 b3 39. Ra7+ Kb2 40. Rd2+ Kc1 41. Rf2 b2 42. Rb7 b1=Q 43. Bd2+ Kc2+ 44. Rxb1 Kxb1 45. Ba5 Re8 46. Bb6 Re2 47. Rf1+ 1-0


[Site "https://www.chess.com"]

[Event "Titled Tuesday Blitz April 05 Early 2022"]
[White "Vasquez Schroeder, Rodrigo"]
[Black "Aldokhin, Ivan"]
[WhiteFideId "3400042"]
[BlackFideId "24115720"]
[WhiteElo "2900"]
[BlackElo "2600"]
[Result "0-1"]
[Round "07"]
[TimeControl "180+1"]
[Date "2022.04.05"]
[WhiteClock "0:00:39"]
[BlackClock "0:00:08"]

1. e4 c5 2. Nf3 e6 3. d4 cxd4 4. Nxd4 Nc6 5. Nb5 Nf6 6. N1c3 Bb4 7. a3 Bxc3+ 8. Nxc3 d5 9. exd5 exd5 10. Bd3 d4 11. Ne4 Nxe4 12. Bxe4 O-O 13. O-O Qf6 14. Qh5 h6 15. Re1 Bd7 16. Bd2 Rae8 17. f4 Re6 18. Bd3 Rfe8 19. Rxe6 Rxe6 20. Qf3 Rd6 21. Qe4 g6 22. Re1 Bf5 23. Qe8+ Kg7 24. Bxf5 Qxf5 25. Qe4 Qxe4 26. Rxe4 Kf6 27. Kf2 Re6 28. Kf3 Rxe4 29. Kxe4 Ke6 30. Be1 f5+ 31. Kd3 Kd5 32. Bf2 g5 33. Bg3 a5 34. h4 gxf4 35. Bxf4 h5 36. b3 Nd8 37. Bc7 Ne6 38. Bxa5 Nf4+ 39. Kd2 Nxg2 40. Bd8 Ke4 41. a4 f4 42. Bc7 f3 43. Bg3 Ne3 44. Bf2 Nd5 45. a5 Nb4 46. Bxd4 Kxd4 47. c3+ Kc5 48. cxb4+ Kxb4 49. Ke3 Kxb3 50. Kxf3 Ka4 51. Kf4 Kxa5 52. Kg5 b5 53. Kxh5 b4 54. Kg4 b3 55. h5 b2 56. h6 b1=Q 0-1


[Site "https://www.chess.com"]

[Event "Titled Tuesday Blitz April 05 Early 2022"]
[White "Vovk, Orest"]
[Black "Prieto Aranguren, Alain"]
[WhiteFideId "14113490"]
[BlackFideId "2268906"]
[WhiteElo "2203"]
[BlackElo "2235"]
[Result "0-1"]
[Round "07"]
[TimeControl "180+1"]
[Date "2022.04.05"]
[WhiteClock "0:00:41"]
[BlackClock "0:01:18"]

1. h4 e5 2. h5 d5 3. h6 Nxh6 4. d4 e4 5. Bxh6 gxh6 6. e3 Bg7 7. c4 c6 8. Nc3 O-O 9. Qb3 dxc4 10. Bxc4 Nd7 11. Nge2 b5 12. Bxf7+ Rxf7 13. Nxe4 Nb6 14. Nf4 Nd5 15. Nh5 Bf5 16. f3 Qa5+ 17. Ke2 Qb4 18. Qxb4 Nxb4 19. Nd6 Rff8 20. Nxg7 Kxg7 21. Nxf5+ Rxf5 22. a3 Nd5 23. e4 Nf4+ 24. Kf2 Rf7 25. g3 Nd3+ 26. Ke3 Nxb2 27. f4 Nc4+ 28. Kd3 Rd8 29. Kc3 Rfd7 30. Rhd1 Kg6 31. a4 a6 32. axb5 axb5 33. Ra6 Rd6 34. f5+ Kg5 35. e5 Nxe5 0-1


[Site "https://www.chess.com"]

[Event "Titled Tuesday Blitz April 05 Early 2022"]
[White "Weetik, Vjacheslav"]
[Black "Kouskoutis, Georgios-Alexandros"]
[WhiteFideId "4153472"]
[BlackFideId "4234049"]
[WhiteElo "2469"]
[BlackElo "2130"]
[Result "1-0"]
[Round "07"]
[TimeControl "180+1"]
[Date "2022.04.05"]
[WhiteClock "0:00:07"]
[BlackClock "0:00:01"]

1. d4 Nf6 2. c4 e6 3. Nf3 c5 4. d5 exd5 5. cxd5 d6 6. Nc3 g6 7. Nd2 Bg7 8. e4 O-O 9. Be2 a6 10. a4 Nbd7 11. O-O Re8 12. Ra3 Rb8 13. Re1 Qc7 14. h3 h5 15. Bf1 h4 16. Nf3 c4 17. a5 Nc5 18. Qc2 b5 19. axb6 Rxb6 20. Bxc4 Bd7 21. Bg5 Bb5 22. Nxb5 axb5 23. Bf1 b4 24. Rae3 b3 25. Qb1 Rb4 26. Nd2 Re5 27. Bxh4 Nxd5 28. Rf3 Nb6 29. Bg3 Re7 30. Qd1 Nbd7 31. Nc4 Ne5 32. Bxe5 Bxe5 33. Ne3 Qb7 34. Nd5 Re8 35. Nxb4 Qxb4 36. Re2 Ra8 37. g3 Ra2 38. Qb1 Qa5 39. Qe1 Qxe1 40. Rxe1 Rxb2 41. Bc4 Kf8 42. Bxf7 Ke7 43. Bd5 Kd8 44. Ra1 1-0


[Site "https://www.chess.com"]

[Event "Titled Tuesday Blitz April 05 Early 2022"]
[White "Yordanov, Nikolay Plamenov"]
[Black "Vlassov, Nikolai"]
[WhiteFideId "2907445"]
[BlackFideId "4103360"]
[WhiteElo "2248"]
[BlackElo "2407"]
[Result "0-1"]
[Round "07"]
[TimeControl "180+1"]
[Date "2022.04.05"]
[WhiteClock "0:00:05"]
[BlackClock "0:00:10"]

1. d4 Nf6 2. Bf4 g6 3. e3 Bg7 4. h3 O-O 5. Nf3 d6 6. Be2 c5 7. O-O Qb6 8. Nbd2 cxd4 9. exd4 Qxb2 10. Nc4 Qb4 11. c3 Qb5 12. Nxd6 Qa5 13. Nxc8 Rxc8 14. c4 Nc6 15. Rb1 b6 16. Ne5 Nxe5 17. dxe5 Ne4 18. Bf3 Nc3 19. Qd7 Nxb1 20. Bxa8 Rxa8 21. Rxb1 Qxa2 22. Rd1 Bf8 23. Qd5 Rc8 24. e6 f6 25. Rd4 Qb1+ 26. Kh2 Qf5 27. Qd7 Qc5 28. Be3 Qc6 29. Qxc6 Rxc6 30. Rd8 g5 31. h4 h6 32. hxg5 hxg5 33. f4 Rxe6 34. Bd2 gxf4 35. Bxf4 Kf7 36. Ra8 Re4 37. g3 a5 38. Kg2 Rxc4 39. Rb8 Rb4 40. Kf3 a4 41. Rb7 b5 42. Kg4 a3 43. Kh5 a2 44. Bd6 Ra4 45. Rxb5 a1=Q 46. Bf4 Qh1+ 47. Kg4 Qd1+ 48. Kh4 Ra2 49. g4 Rg2 50. Rg5 fxg5+ 51. Kxg5 Qxg4# 0-1


[Site "https://www.chess.com"]

[Event "Titled Tuesday Blitz April 05 Early 2022"]
[White "nobodyperfect13"]
[Black "Martin Duque, Jesus"]
[BlackFideId "2208954"]
[WhiteElo "1944"]
[BlackElo "2243"]
[Result "0-1"]
[Round "07"]
[TimeControl "180+1"]
[Date "2022.04.05"]
[WhiteClock "0:02:27"]
[BlackClock "0:02:35"]

1. c4 e5 2. g3 Nc6 3. Bg2 Bc5 4. e3 h5 5. h4 a6 6. Ne2 d6 7. d4 Ba7 8. Nbc3 Nf6 9. b3 Bg4 10. Qd3 Qe7 11. a3 exd4 12. Nd5 Nxd5 13. cxd5 Ne5 14. Qe4 f5 0-1


[Site "https://www.chess.com"]

[Event "Titled Tuesday Blitz April 05 Early 2022"]
[White "Aaditya Dhingra"]
[Black "Hansen, Eric"]
[WhiteFideId "25678191"]
[BlackFideId "2606771"]
[WhiteElo "1849"]
[BlackElo "2568"]
[Result "0-1"]
[Round "08"]
[TimeControl "180+1"]
[Date "2022.04.05"]
[WhiteClock "0:00:10"]
[BlackClock "0:00:11"]

1. e4 c5 2. Nf3 e6 3. b3 Nf6 4. e5 Nd5 5. c4 Nc7 6. Bb2 Nc6 7. Be2 d6 8. exd6 Bxd6 9. O-O e5 10. Nc3 O-O 11. d3 f6 12. Nd2 Ne6 13. Bf3 Ncd4 14. Bd5 Kh8 15. Nce4 Be7 16. Nf3 Nc7 17. Nc3 Rb8 18. Nxd4 cxd4 19. Ne2 Nxd5 20. cxd5 Qxd5 21. Rc1 Bd7 22. f4 Bc6 23. Rf2 Rbd8 24. Ng3 exf4 25. Ne4 f5 26. Nd2 Bf6 27. Ba3 Rfe8 28. Rc5 Qe6 29. Nf3 g5 30. Rcc2 g4 31. Rce2 Qd5 32. Nd2 Bg5 33. Nc4 Re3 34. Nxe3 dxe3 35. Rf1 f3 36. Qa1+ Kg8 37. Rb2 Re8 38. gxf3 gxf3 39. h4 Bh6 40. Rh2 e2 41. Re1 Be3+ 0-1


[Site "https://www.chess.com"]

[Event "Titled Tuesday Blitz April 05 Early 2022"]
[White "Alboredo, Julia"]
[Black "Iljin, Timofey"]
[WhiteFideId "2124807"]
[BlackFideId "14110180"]
[WhiteElo "2041"]
[BlackElo "2396"]
[Result "0-1"]
[Round "08"]
[TimeControl "180+1"]
[Date "2022.04.05"]
[WhiteClock "0:00:16"]
[BlackClock "0:00:37"]

1. e4 d5 2. exd5 Nf6 3. Nc3 Nxd5 4. Nf3 Bg4 5. Be2 Nf4 6. O-O Nxe2+ 7. Qxe2 Nc6 8. Qe4 Qd7 9. d3 O-O-O 10. Bf4 f6 11. h3 Bf5 12. Qa4 e5 13. Bh2 Bc5 14. a3 g5 15. b4 Bb6 16. b5 Nd4 17. Nxd4 Bxd4 18. Qb4 Qd6 19. Qb3 Be6 20. Qb2 h5 21. a4 g4 22. h4 f5 23. Ra3 f4 24. Ne4 Bxb2 25. Nxd6+ Rxd6 0-1


[Site "https://www.chess.com"]

[Event "Titled Tuesday Blitz April 05 Early 2022"]
[White "Antonio, Jorge Carlos"]
[Black "Ciolacu, Alessia-Mihaela"]
[WhiteFideId "113190"]
[BlackFideId "1252640"]
[WhiteElo "2247"]
[BlackElo "1804"]
[Result "0-1"]
[Round "08"]
[TimeControl "180+1"]
[Date "2022.04.05"]
[WhiteClock "0:00:43"]
[BlackClock "0:00:12"]

1. e4 c6 2. d4 d5 3. exd5 cxd5 4. Nf3 Nc6 5. c4 Nf6 6. Nc3 Be6 7. c5 Ne4 8. Bf4 g6 9. Qb3 Bg7 10. Qxb7 Nxd4 11. Nxd4 Bxd4 12. Bb5+ Kf8 13. Nxe4 dxe4 14. O-O Bd5 15. c6 e5 16. Rad1 Kg7 17. Rxd4 exf4 18. Rfd1 Rb8 19. Qa6 e3 20. Rxd5 Qh4 21. f3 Qf2+ 22. Kh1 Rhe8 23. Be2 Rxb2 24. Rf1 Qxe2 25. Qxe2 Rxe2 26. h4 Rc2 27. Rd4 Rd2 28. Rc4 e2 29. Re1 Rd1 30. Rc1 Rxc1 31. Rxc1 e1=Q+ 32. Rxe1 Rxe1+ 33. Kh2 Rc1 0-1


[Site "https://www.chess.com"]

[Event "Titled Tuesday Blitz April 05 Early 2022"]
[White "Araujo Filho, Luiz Antonio Coel"]
[Black "Hernandez Bermudez, Ulises Eduardo"]
[WhiteFideId "2130661"]
[BlackFideId "3902510"]
[WhiteElo "2246"]
[BlackElo "2056"]
[Result "1-0"]
[Round "08"]
[TimeControl "180+1"]
[Date "2022.04.05"]
[WhiteClock "0:00:04"]
[BlackClock "0:00:03"]

1. d4 Nf6 2. Nf3 g6 3. c4 Bg7 4. Nc3 d6 5. e4 O-O 6. Be2 e5 7. dxe5 dxe5 8. O-O Nc6 9. Bg5 Qxd1 10. Rfxd1 Be6 11. Nd5 Nxe4 12. Nxc7 Rac8 13. Nxe6 fxe6 14. Be3 Rfd8 15. Rxd8+ Rxd8 16. Rd1 Nd4 17. Kf1 Bf6 18. Bd3 Nxf3 19. gxf3 Ng5 20. Ke2 b6 21. Bc2 Rxd1 22. Bxd1 e4 23. f4 Nf3 24. Bc2 Bxb2 25. Bxe4 Nh4 26. c5 bxc5 27. Bxc5 a5 28. Kd3 Nf5 29. Kc4 Bc1 30. Bxf5 exf5 31. Be3 Ba3 32. Kb5 Bb4 33. a4 Kf7 34. Bb6 Bd2 35. Bxa5 Bxf4 36. Kc6 Bxh2 37. Bc7 Bg1 38. a5 Bxf2 39. Bb6 Bg3 40. a6 Bb8 41. Kb7 Be5 42. a7 1-0


[Site "https://www.chess.com"]

[Event "Titled Tuesday Blitz April 05 Early 2022"]
[White "Ardila, Oscar Humberto"]
[Black "Mogirzan, Matei-Valeriu"]
[WhiteFideId "4404742"]
[BlackFideId "1257455"]
[WhiteElo "1983"]
[BlackElo "1733"]
[Result "1-0"]
[Round "08"]
[TimeControl "180+1"]
[Date "2022.04.05"]
[WhiteClock "0:01:05"]
[BlackClock "0:01:46"]

1. d4 Nf6 2. c4 e5 3. Nc3 exd4 4. Qxd4 Nc6 5. Qd1 Bc5 6. e3 O-O 7. Nf3 d6 8. Be2 Bf5 9. O-O Qd7 10. Nd4 Bg6 11. Bf3 Ne5 12. Bxb7 Rab8 13. Bd5 c6 14. Bf3 Nxc4 15. Nxc6 Rb6 16. Nd4 Nxb2 17. Bxb2 Rxb2 18. Na4 Rbb8 19. Nc6 Rbc8 20. Nxc5 Qc7 21. Na6 Qb6 22. Ne7+ 1-0


[Site "https://www.chess.com"]

[Event "Titled Tuesday Blitz April 05 Early 2022"]
[White "Avazkhonov, Alikhon"]
[Black "Garv Gaur"]
[WhiteFideId "14208504"]
[BlackFideId "45030839"]
[WhiteElo "1739"]
[BlackElo "1950"]
[Result "0-1"]
[Round "08"]
[TimeControl "180+1"]
[Date "2022.04.05"]
[WhiteClock "0:00:01"]
[BlackClock "0:00:47"]

1. f4 d5 2. Nf3 Nf6 3. g3 c5 4. Bg2 Nc6 5. O-O g6 6. d3 Bg7 7. Qe1 d4 8. c4 O-O 9. Na3 a6 10. Nc2 Rb8 11. b4 cxb4 12. Nxb4 Ng4 13. h3 Ne3 14. Bxe3 dxe3 15. Nxc6 bxc6 16. Rb1 Be6 17. Rxb8 Qxb8 18. Qc1 Qb6 19. Ng5 Bd7 20. Ne4 c5 21. Nc3 e6 22. Qc2 Qa5 23. Rc1 Rb8 24. Bf3 Bd4 25. Kg2 Qa3 26. Rb1 Rxb1 27. Nxb1 Qb4 28. Qb3 Qe1 29. Qb8+ Kg7 30. Qd8 Qf2+ 31. Kh1 Ba4 32. Na3 Bd1 33. Qg5 Bxe2 34. Bxe2 Qxe2 35. Qg4 Qf1+ 36. Kh2 Qf2+ 0-1


[Site "https://www.chess.com"]

[Event "Titled Tuesday Blitz April 05 Early 2022"]
[White "Baches Garcia, Guillermo"]
[Black "Domingo Nunez, Alejandro"]
[WhiteFideId "2209764"]
[BlackFideId "22245561"]
[WhiteElo "2481"]
[BlackElo "2215"]
[Result "1-0"]
[Round "08"]
[TimeControl "180+1"]
[Date "2022.04.05"]
[WhiteClock "0:00:13"]
[BlackClock "0:00:50"]

1. e4 g6 2. d4 Bg7 3. Be3 c6 4. Nc3 d5 5. e5 f6 6. f4 fxe5 7. dxe5 Nh6 8. Nf3 O-O 9. Qd2 Bg4 10. Be2 e6 11. O-O-O Qa5 12. Ng5 Bxe2 13. Qxe2 Re8 14. Kb1 b5 15. Qd3 b4 16. Ne2 Nd7 17. Nd4 Nc5 18. Nxc6 Qb6 19. Bxc5 Qxc5 20. Nd4 Qb6 21. h4 Nf5 22. Nxf5 gxf5 23. Nf3 Bh6 24. Ng5 Bg7 25. Rdg1 Qf2 26. g4 Qxf4 27. gxf5 Qxe5 28. f6 Qxf6 29. Qxh7+ Kf8 30. Rf1 Re7 31. Rxf6+ Bxf6 32. Qg6 Bxg5 33. Rf1+ 1-0


[Site "https://www.chess.com"]

[Event "Titled Tuesday Blitz April 05 Early 2022"]
[White "Bachmann, Axel"]
[Black "Terletsky, Oleg"]
[WhiteFideId "3700488"]
[BlackFideId "14116774"]
[WhiteElo "2587"]
[BlackElo "2064"]
[Result "1/2-1/2"]
[Round "08"]
[TimeControl "180+1"]
[Date "2022.04.05"]
[WhiteClock "0:00:04"]
[BlackClock "0:00:06"]

1. d4 Nf6 2. g3 g6 3. Bg2 c5 4. d5 b5 5. a4 b4 6. c4 d6 7. b3 Bg7 8. Ra2 O-O 9. e4 a5 10. Nd2 Ra7 11. Nf1 e5 12. dxe6 Bxe6 13. Rd2 Rd7 14. Ne3 Nc6 15. Bb2 Re8 16. Ne2 Ng4 17. Nxg4 Bxg4 18. Bxg7 Kxg7 19. f3 Be6 20. O-O Qf6 21. Qa1 Red8 22. Qxf6+ Kxf6 23. Rfd1 Ke7 24. h3 f5 25. f4 fxe4 26. g4 d5 27. cxd5 Rxd5 28. Rxd5 Rxd5 29. Rxd5 Bxd5 30. Ng3 Bxb3 31. Nxe4 c4 32. Nc5 Nd4 33. Nb7 c3 34. Be4 c2 35. Bxc2 Bxc2 36. Nxa5 b3 37. Nc4 Ke6 38. a5 Bd3 39. Nb2 Bb5 40. Kf2 Kd5 41. Ke3 Nc6 42. f5 gxf5 43. gxf5 Ke5 44. Kd2 Nxa5 45. Kc3 Bc4 46. Kb4 Bf7 47. Kxa5 Kxf5 48. Kb4 Kf4 49. Kc3 Kg3 50. Nd3 Kxh3 51. Ne5 Be6 52. Nf3 Kg3 53. Ng5 Bg8 54. Nxh7 Bxh7 55. Kxb3 1/2-1/2


[Site "https://www.chess.com"]